 Dungeon Crawl Stone Soup version 0.31-a0-1074-g0b22e4e0f1 (webtiles) character file.

Game seed: 16626501234486017502

142 Rennog the Ruffian (level 5, -1/31 HPs)
             Began as a Gnoll Shapeshifter on Dec 8, 2023.
             Slain by an ogre
             ... wielding a +0 giant club
              (32 damage)
             ... on level 4 of the Dungeon.
             The game lasted 00:03:14 (2185 turns).

Rennog the Ruffian (Gnoll Shapeshifter)             Turns: 2185, Time: 00:03:14

Health: -1/31      AC:  6    Str: 20    XL:     5   Next: 24%
Magic:  7/7        EV: 11    Int: 10    God:
Gold:   125        SH:  0    Dex: 11    Spells: 6/6 levels left

rFire   . .          .
                       - Unarmed
rCold   . . .        s - melded +0 kite shield
rNeg    . . .        f - melded +0 plate armour
rPois   .            (helmet currently unavailable)
rElec   .            t - melded +0 cloak
rCorr   .            o - melded +0 pair of gloves
SInv    .            (boots currently unavailable)
Will    .....        (no amulet)
Stlth   ++           (no ring)
HPRegen 0.25/turn    (no ring)
MPRegen 0.10/turn

%: no passive effects
@: snake-form
A: constrict, reduced hp, large, (fangs 1), strong nose, distributed training
a: Begin Untransformation


You were on level 4 of the Dungeon.
You were an enormous anaconda.
You visited 1 branch of the dungeon, and saw 4 of its levels.

You collected 125 gold pieces.

Inventory:

Armour
 a - a +0 animal skin
 f - a +0 plate armour (melded)
 g - a +0 ring mail
 o - a +0 pair of gloves (melded)
 s - a +0 kite shield (melded)
 t - a +0 cloak (melded)
 y - a +2 pair of gloves
Talismans
 c - a beast talisman
 d - a flux talisman
 p - a serpent talisman (active)
Wands
 w - a wand of polymorph (12)
Scrolls
 h - a scroll of revelation {unknown}
 j - a scroll of teleportation {unknown}
 l - 2 scrolls of fog {unknown}
 m - 4 scrolls of identify {unknown}
 r - 2 scrolls of amnesia {unknown}
 u - a scroll of acquirement {unknown}
 x - a scroll of blinking {unknown}
Potions
 b - a potion of lignification
 e - 2 potions of enlightenment {unknown}
 i - 2 potions of curing {unknown}
 k - 3 potions of ambrosia {unknown}
 n - a potion of haste {unknown}
 q - a potion of degeneration {unknown}
 v - a potion of mutation {unknown}
 z - a potion of berserk rage {unknown}


   Skills:
 + Level 2.9 Fighting
 + Level 1.4 Short Blades
 + Level 1.4 Long Blades
 + Level 1.4 Axes
 + Level 1.4 Maces & Flails
 + Level 1.4 Polearms
 + Level 1.4 Staves
 + Level 1.4 Ranged Weapons
 + Level 1.4 Throwing
 + Level 1.4 Armour
 + Level 4.7 Dodging
 + Level 1.4 Stealth
 + Level 1.4 Shields
 + Level 6.7 Unarmed Combat
 + Level 1.4 Spellcasting
 + Level 1.1 Conjurations
 + Level 1.1 Hexes
 + Level 1.1 Summonings
 + Level 1.1 Necromancy
 + Level 1.1 Translocations
 + Level 1.1 Transmutations
 + Level 1.1 Fire Magic
 + Level 1.1 Ice Magic
 + Level 1.1 Air Magic
 + Level 1.1 Earth Magic
 + Level 1.1 Poison Magic
 + Level 1.6 Invocations
 + Level 1.4 Evocations
 + Level 6.6 Shapeshifting


You had 6 spell levels left.
You didn't know any spells.
Your spell library was empty.

Dungeon Overview and Level Annotations

Branches:
Dungeon (4/15)
 Temple: D:4-7

Altars:

Shops:
D:1 *?!

Annotations:
D:3 Pargi


Innate Abilities, Weirdness & Mutations

You are an enormous anaconda.
You have a powerful constriction melee attack.
Your maximum health is decreased, since you lack skill for your form.
Your armour is entirely melded.
You are incapable of wielding weapons or throwing items.
((You have very sharp teeth.))
Your uncanny sense of smell can sniff out nearby items.
Your experience applies equally to all skills.


Message History

You lash the jackal!
You kill the jackal!
The jackal barely misses you.
You hit the jackal. Your grab misses the jackal.
The jackal is moderately wounded.
The jackal misses you.
The jackal bites you but does no damage.
You lash the jackal!
You kill the jackal!
No target in view!
No target in view!
No target in view!
HP restored.
You open the door.
There is an open door here.
An adder comes into view.
An adder is nearby!
An adder is nearby!
The adder hisses angrily.
You barely miss the adder. Your grab misses the adder. The adder misses you.
You lash the adder!
You kill the adder!
No target in view!
No target in view!
No target in view!
No target in view!
You see here a +2 pair of gloves.
y - a +2 pair of gloves
Found a stone staircase leading down.
Found an escape hatch in the ceiling.
An ogre comes into view. It is wielding a +0 giant club.
The ogre shouts!
An ogre is nearby!
Found a bubbling cyan potion.
You lash the ogre! You grab the ogre.
The ogre is heavily wounded.
You constrict the ogre.
The ogre hits you with a +0 giant club!!
Ouch! That really hurt!
You die...

# #.# #. #.#
#.####.# ##....#.#
######### ........#
#........ ........#
#........
......<.###...>....
.!....OS...........
....?..####........
....... #.######.
#####+# #.# #.# #
#+#####.# .#
........######.# #
∆
...............#.#
.......#.........#.


You could see an ogre.

Vanquished Creatures
  Natasha (thrice) (D:2)
  An adder (D:4)
  A dart slug (D:2)
  3 ball pythons
  7 bats
  8 endoplasms
  2 giant cockroaches
  9 goblins
  2 hobgoblins (D:1)
  4 jackals (D:4)
  3 kobolds
  2 quokkas (D:1)
  A frilled lizard (D:1)
  4 rats (D:1)
50 creatures vanquished.

Notes
Turn   | Place    | Note
-------+----------+-------------------------------------------
     0 | D:1      | Rennog the Gnoll Shapeshifter began the quest for the Orb.
     0 | D:1      | Reached XP level 1. HP: 17/17 MP: 1/1
   113 | D:1      | Found Situiwia's Magic Scroll Shoppe.
   377 | D:1      | Reached XP level 2. HP: 21/23 MP: 2/2
   513 | D:1      | Found Fyackups's Distillery.
   640 | D:1      | Reached XP level 3. HP: 25/28 MP: 3/3
   759 | D:1      | Found a faded altar of an unknown god.
   835 | D:1      | Found Kenir's Assorted Antiques.
  1120 | D:2      | Reached skill level 1 in Invocations
  1177 | D:2      | Noticed Natasha
  1191 | D:2      | Killed Natasha
  1192 | D:2      | Reached skill level 1 in Short Blades
  1192 | D:2      | Reached skill level 1 in Long Blades
  1192 | D:2      | Reached skill level 1 in Axes
  1192 | D:2      | Reached skill level 1 in Maces & Flails
  1192 | D:2      | Reached skill level 1 in Polearms
  1192 | D:2      | Reached skill level 1 in Staves
  1192 | D:2      | Reached skill level 1 in Ranged Weapons
  1192 | D:2      | Reached skill level 1 in Throwing
  1192 | D:2      | Reached skill level 1 in Armour
  1192 | D:2      | Reached skill level 1 in Stealth
  1192 | D:2      | Reached skill level 1 in Shields
  1192 | D:2      | Reached skill level 1 in Spellcasting
  1192 | D:2      | Reached skill level 1 in Evocations
  1192 | D:2      | Reached XP level 4. HP: 18/34 MP: 5/5
  1280 | D:2      | Noticed Natasha
  1289 | D:2      | Killed Natasha
  1290 | D:2      | Reached skill level 1 in Conjurations
  1290 | D:2      | Reached skill level 1 in Hexes
  1290 | D:2      | Reached skill level 1 in Summonings
  1290 | D:2      | Reached skill level 1 in Necromancy
  1290 | D:2      | Reached skill level 1 in Translocations
  1290 | D:2      | Reached skill level 1 in Transmutations
  1290 | D:2      | Reached skill level 1 in Fire Magic
  1290 | D:2      | Reached skill level 1 in Ice Magic
  1290 | D:2      | Reached skill level 1 in Air Magic
  1290 | D:2      | Reached skill level 1 in Earth Magic
  1290 | D:2      | Reached skill level 1 in Poison Magic
  1302 | D:2      | Noticed Natasha
  1305 | D:2      | Killed Natasha
  1306 | D:2      | Reached XP level 5. HP: 31/40 MP: 5/7
  2113 | D:3      | Noticed Pargi
  2181 | D:4      | Noticed an ogre
  2185 | D:4      | Slain by an ogre

Illustrated notes

Levels and vault maps discovered:
D:1:      dpeg_arrival_castle, layout_loops_corners,
          chequers_ecumenical_altar_twisty, serial_shops, shop,
          nicolae_shop_rolling_square, shop, nrook_mini_vaults
D:2:      layout_rooms, chequers_serial_rivers_large_a, minmay_misc_feat_cross,
          kennysheep_decorative_pillar, kennysheep_cross_bottleneck,
          bh_walls_and_bars, uniq_natasha
D:3:      layout_basic, grunt_temple_overflow_gold_and_silver, uniq_jessica,
          uniq_pargi
D:4:      layout_basic, uniq_crazy_yiuf_cottage

Skill      XL: |  1  2  3  4 |
---------------+-------------+-----
Invocations    | 1 |  1.6
Short Blades   | 1 |  1.4
Long Blades    | 1 |  1.4
Axes           | 1 |  1.4
Maces & Flails | 1 |  1.4
Polearms       | 1 |  1.4
Staves         | 1 |  1.4
Ranged Weapons | 1 |  1.4
Throwing       | 1 |  1.4
Armour         | 1 |  1.4
Stealth        | 1 |  1.4
Shields        | 1 |  1.4
Spellcasting   | 1 |  1.4
Evocations     | 1 |  1.4
Conjurations   | 1 |  1.1
Hexes          | 1 |  1.1
Summonings     | 1 |  1.1
Necromancy     | 1 |  1.1
Translocations | 1 |  1.1
Transmutations | 1 |  1.1
Fire Magic     | 1 |  1.1
Ice Magic      | 1 |  1.1
Air Magic      | 1 |  1.1
Earth Magic    | 1 |  1.1
Poison Magic   | 1 |  1.1
Fighting       | |  2.9
Dodging        | |  4.7
Unarmed Combat | |  6.7
Shapeshifting  | |  6.6

Action                     |  1- 3 |  4- 6 || total
---------------------------+-------+-------++-------
  Melee: Unarmed           |    91 |    27 ||   118
         Bite              |    11 |     1 ||    12
         Constrict         |       |     5 ||     5
 Armour: Ring mail         |    41 |     3 ||    44
         Animal skin       |     1 |       ||     1
         Skin              |       |    10 ||    10
  Dodge: Dodged            |    46 |    18 ||    64
   Form: Flux              |     1 |       ||     1
         Anaconda          |       |     2 ||     2
                           |       |     1 ||     1

Table legend: (Time is in decaauts)
 A = Elapsed time spent in this place.
 B = Non-inter-level travel time spent in this place.
 C = Inter-level travel time spent in this place.
 D = Time resting spent in this place.
 E = Time spent auto-exploring this place.
 F = Levels seen in this place.
 G = Mean time per level.
                   A        B        C        D        E       F      G
               +--------+--------+--------+--------+--------+-----+--------+
         Total |   2174 |   2016 |    158 |      0 |   1668 |   4 |  543.5 |
       Dungeon |   2174 |   2016 |    158 |      0 |   1668 |   4 |  543.5 |
               +--------+--------+--------+--------+--------+-----+--------+

Top non-repeatable levels by time:
     D:1: 1112 daAuts
     D:2: 801 daAuts
     D:3: 210 daAuts
     D:4: 49 daAuts
